[Event "*** Titled Tuesday Blitz"]
[Site "Chess.com"]
[Date "2020.04.21"]
[Round "2"]
[White "LilRag"]
[Black "CrgKrishna"]
[Result "0-1"]
[WhiteElo "2339"]
[BlackElo "2638"]
[TimeControl "180+1"]
[EndTime "10:18:05 PDT"]
[Termination "CrgKrishna won by resignation"]

1. Nf3 d5 2. e3 Nf6 3. d4 c6 4. c4 Bf5 5. Nc3 a6 6. Bd3 Bg6 7. Ne5 e6 8. f4 Nbd7 9. c5 Nxe5 10.
fxe5 Nd7 11. O-O Be7 12. Bxg6 hxg6 13. Bd2 Qc7 14. Qg4 Rh5 15. Ne2 Nf8 16. Ng3 Rh4 17.
Qf3 Bg5 18. Rad1 Nh7 19. Qf2 Kf8 20. Rfe1 Kg8 21. e4 Rd8 22. exd5 Rxd5 23. Bxg5 Nxg5 24. Nf5 Rg4 25. Ng3 Qd8 26. h3 Rgxd4 27. Rxd4 Rxd4 28.
Rf1 Rd2 29. Qf4 Qd4+ 30. Qxd4 Rxd4 31. Rf2 Ne4 32. Nxe4 Rxe4 33. Rd2 Rxe5 34. Rd8+ Kh7 35. Rd7 Rxc5 36. Rxb7 f5 37. Re7 e5 38. b4 Rb5 39.
a3 a5 40. Rc7 axb4 41. axb4 Rxb4 42. Rxc6 Kh6 43. Re6 e4 44. Re8 Kg5 45. Kh2 f4 46. Rf8 e3 47. Re8 Kf5 48. Rf8+ Ke5 49. Re8+ Kd4 50. g3 f3 51. g4 e2 52. Kg3 Rb1 53. Kf2 Rf1+ 0-1

[Event "*** Titled Tuesday Blitz"]
[Site "Chess.com"]
[Date "2020.04.21"]
[Round "2"]
[White "johnathan113"]
[Black "grandcoach"]
[Result "1-0"]
[WhiteElo "2620"]
[BlackElo "1951"]
[TimeControl "180+1"]
[EndTime "10:18:06 PDT"]
[Termination "johnathan113 won on time"]

1. e4 c5 2. Nf3 e6 3. d4 cxd4 4. Nxd4 a6 5. Nc3 Qc7 6. g3 Nc6 7. Bg2 Nf6 8. O-O Be7 9. Re1 O-O 10. Nxc6 dxc6 11. e5 Nd5 12. Qh5 Nxc3 13. bxc3 b6 14.
Be4 g6 15. Qh6 Qxe5 16. Bf4 Qg7 17. Bxc6 Ra7 18. Qxg7+ Kxg7 19. Bb8 Rb7 20. Bxb7 Bxb7 21. Be5+ f6 22. Bd4 e5 23. Bxb6 Rc8 24. f4 Rxc3 25.
fxe5 Rxc2 26. Bd4 Rg2+ 27. Kf1 Rxh2 28. exf6+ Bxf6 29. Re7+ Kf8 30. Bxf6 Rh1+ 31. Kf2 Rxa1 32. Rxb7 Rxa2+ 33. Kf3 h5 34. Kf4 Ra5 35. Be5 Ke8 36.
Rg7 Ra4+ 37. Kg5 Rg4+ 38. Kf6 Kd8 39. Ke6 1-0

[Event "*** Titled Tuesday Blitz"]
[Site "Chess.com"]
[Date "2020.04.21"]
[Round "2"]
[White "MichailovM"]
[Black "GothamChess"]
[Result "0-1"]
[WhiteElo "2301"]
[BlackElo "2585"]
[TimeControl "180+1"]
[EndTime "10:18:06 PDT"]
[Termination "GothamChess won on time"]

1. e4 c6 2. d4 d5 3. e5 Bf5 4.
h4 Qc8 5. c4 dxc4 6. Bxc4 e6 7.
Nc3 h5 8. Nge2 Nd7 9. Ng3 Bg6 10. Bg5 Nb6 11. Bb3 Ne7 12. O-O Ned5 13. Nce4 Qd7 14. Rc1 a5 15. a3 a4 16. Ba2 Ra5 17. Qd2 Rb5 18. f4 Bf5 19. Nxf5 exf5 20. Nc3 Nxc3 21. bxc3 Bxa3 22. Rb1 O-O 23. c4 Rxb1 24. Rxb1 Bc5 25. Rd1 Be7 26. d5 Bc5+ 27. Kh2 a3 28. Qa5 Be3 29.
Rd3 Bf2 30. Rd2 Be3 31. Re2 Bd4 32. e6 Qd6 33. c5 Qxc5 34. Qxc5 Bxc5 35. dxc6 bxc6 36.
exf7+ Kh7 37. Re8 Nd5 38. Re6 Nb4 39. Bb1 Rxf7 40. Re5 Bd4 41. Rxf5 Rxf5 0-1

[Event "*** Titled Tuesday Blitz"]
[Site "Chess.com"]
[Date "2020.04.21"]
[Round "2"]
[White "Qingdom"]
[Black "Lion-Al-Messi"]
[Result "1/2-1/2"]
[WhiteElo "2203"]
[BlackElo "2426"]
[TimeControl "180+1"]
[EndTime "10:18:06 PDT"]
[Termination "Game drawn - insufficient material"]

1. d4 b6 2. e4 Bb7 3. Bd3 e6 4.
Nf3 c5 5. c3 Nf6 6. Qe2 Be7 7.
O-O Nc6 8. a3 O-O 9. Nbd2 a5 10.
Re1 d6 11. Nf1 Nd7 12. Ne3 g6 13. Bd2 Bf6 14. Ng4 Bg7 15. e5 dxe5 16. dxe5 Qc7 17. Bh6 Bxh6 18. Nxh6+ Kg7 19. Qe3 Ncxe5 20. Nxe5 Nxe5 21.
Bb5 Rad8 22. f4 Kxh6 23. fxe5+ Kg7 24. Qg5 Kg8 25. Rad1 Ba8 26. h4 Rxd1 27. Rxd1 Qb7 28. Rd7 Qe4 29. Bf1 h6 30. Qf6 Qf5 31. Qe7 Kg7 32.
Rd8 Rxd8 33. Qxd8 Bd5 34. Qxb6 Qxe5 35. Qxc5 Qf4 36. Qd4+ Qxd4+ 37. cxd4 Kf6 38. Kf2 Ke7 39. Ke3 Kd6 40. b4 f5 41. bxa5 Kc6 42. g3 Kb7 43.
Kd2 g5 44. hxg5 hxg5 45. Ke3 Kc6 46. Bd3 Kb7 47. Bb5 Kc7 48. Kd2 Kb7 49. Ke3 Kc7 50. Bd3 Kc6 51. Be2 Be4 52. Bc4 Kd6 53. a6 Ba8 54. a4 e5 55. dxe5+ Kxe5 56. Bb5 f4+ 57. gxf4+ gxf4+ 58. Kf2 Kd4 59. Bd7 Kc5 60. Bc8 Kb6 61. Bb7 Bxb7 62. axb7 Kxb7 63. Kf3 Kb6 64.
Kxf4 Ka5 65. Ke4 Kxa4 1/2-1/2

[Event "*** Titled Tuesday Blitz"]
[Site "Chess.com"]
[Date "2020.04.21"]
[Round "2"]
[White "Larisa004"]
[Black "joksijoksi"]
[Result "1/2-1/2"]
[WhiteElo "2084"]
[BlackElo "2382"]
[TimeControl "180+1"]
[EndTime "10:18:06 PDT"]
[Termination "Game drawn by agreement"]

1. e4 c5 2. Nf3 Nc6 3. d4 cxd4 4. Nxd4 e5 5. Nb5 d6 6. N1c3 a6 7. Na3 Be6 8. Be2 Nf6 9. Bg5 Be7 10. Bxf6 Bxf6 11.
O-O b5 12. Nd5 Bg5 13. c3 O-O 14. Nc2 Ne7 15. Nce3 Bxe3 16. Nxe3 d5 17. exd5 Nxd5 18. Nxd5 Qxd5 19. Qxd5 Bxd5 20. a4 Bc4 21. Bxc4 bxc4 22. Rfe1 f6 23. Re4 Rfc8 24. Rd1 Rab8 25. Rd2 Rb7 26.
Kf1 Kf7 27. Ke2 Ke6 28. f4 Rc5 29. fxe5 Rxe5 30. Rxe5+ Kxe5 31. Ke3 f5 32. Kf3 g5 33. Re2+ Kf6 34. g3 h6 35. Rd2 Rb6 36. a5 Rb5 37.
Rd6+ Ke5 38. Rxa6 Rxb2 39. Ra8 Ra2 40. a6 Kf6 41. a7 Kg7 42. Ke3 h5 43. Kd4 Ra4 44.
Ke5 Ra5+ 45. Kd4 Ra4 1/2-1/2

[Event "*** Titled Tuesday Blitz"]
[Site "Chess.com"]
[Date "2020.04.21"]
[Round "2"]
[White "Grineva_Marianna"]
[Black "adiosabu"]
[Result "1-0"]
[WhiteElo "2183"]
[BlackElo "2413"]
[TimeControl "180+1"]
[EndTime "10:18:07 PDT"]
[Termination "Grineva_Marianna won by resignation"]

1. d4 Nf6 2. Nf3 d6 3. c4 Nbd7 4. Nc3 e5 5. e3 Be7 6. Be2 O-O 7.
O-O c6 8. b3 a6 9. Bb2 b5 10.
Rc1 Bb7 11. dxe5 dxe5 12. Qc2 Qa5 13. Rfd1 Ba3 14. Bxa3 Qxa3 15. Ne4 Nxe4 16. Qxe4 Qe7 17. Rd2 Rae8 18. Rcd1 Nf6 19. Qf5 Bc8 20. Qc2 Bg4 21.
h3 Bh5 22. cxb5 cxb5 23. Rd6 Rc8 24. Qd2 e4 25. Ne1 Bxe2 26. Qxe2 Ra8 27. Nc2 Rfc8 28. Nb4 a5 29. Nc2 b4 30. Ne1 h6 31. Kf1 Qe5 32.
Qd2 Qb5+ 33. Kg1 Qe5 34. Qd4 Qf5 35. g3 Kh7 36. Kg2 h5 37. Rd2 h4 38. Nc2 Qf3+ 39. Kh2 hxg3+ 40. fxg3 Rxc2 41. Rxc2 Qh5 42. Rg2 Ng4+ 43. Kg1 Nf6 44. Rxf6 Rc8 45. Qxe4+ Kg8 46. Rf1 1-0

[Event "*** Titled Tuesday Blitz"]
[Site "Chess.com"]
[Date "2020.04.21"]
[Round "2"]
[White "Shield12"]
[Black "Aikiigm"]
[Result "1-0"]
[WhiteElo "2921"]
[BlackElo "2600"]
[TimeControl "180+1"]
[EndTime "10:18:08 PDT"]
[Termination "Shield12 won on time"]

1. e4 Nf6 2. e5 Nd5 3. d4 d6 4.
Nf3 dxe5 5. Nxe5 c6 6. Be2 Bf5 7. O-O Nd7 8. Nf3 e6 9. c4 N5f6 10. Nc3 Bd6 11. h3 Ne4 12. Nxe4 Bxe4 13. Bd3 Bxd3 14.
Qxd3 O-O 15. b3 Qa5 16. Re1 Rad8 17. Bb2 Ba3 18. Bc3 Bb4 19. Bxb4 Qxb4 20. Rad1 h6 21. Re3 a5 22. Qe2 a4 23. g3 Ra8 24. Kg2 Rfd8 25. Red3 Nf6 26. Ne5 Nd7 27. Ng4 Nf8 28. h4 Qd6 29.
Qf3 Qc7 30. d5 exd5 31. cxd5 cxd5 32. Rxd5 Rxd5 33. Rxd5 axb3 34. axb3 Re8 35. Ne3 Ng6 36.
h5 Ne5 37. Qe4 Re6 38. Nf5 b6 39. b4 Qc4 40. Rd8+ Kh7 41. Nd4+ g6 42. hxg6+ Nxg6 43. Qf3 Re1 44. Kh2 Qa2 45. Nf5 Re2 46. Kg2 Qe6 47. Nd4 Qe7 48. Nxe2 1-0

[Event "*** Titled Tuesday Blitz"]
[Site "Chess.com"]
[Date "2020.04.21"]
[Round "2"]
[White "Vuk2000"]
[Black "HomayoonTofighi"]
[Result "0-1"]
[WhiteElo "2600"]
[BlackElo "2913"]
[TimeControl "180+1"]
[EndTime "10:18:08 PDT"]
[Termination "HomayoonTofighi won by resignation"]

1. d4 Nf6 2. Bg5 e6 3. e4 d5 4. Bd3 dxe4 5. Bxe4 h6 6. Bxf6 gxf6 7. Ne2 c5 8. Nbc3 cxd4 9. Qxd4 Qxd4 10. Nxd4 Bc5 11.
O-O-O Ke7 12. Rd2 f5 13. Bf3 Nd7 14. Nb3 Bb6 15. Re1 Kf6 16. g3 h5 17. Nb5 Ne5 18. Bg2 h4 19. Nd6 Ng4 20. h3 Nxf2 21. gxh4 Rxh4 22.
c4 Nxh3 23. c5 Bd8 24. Nxf5 Kxf5 25. Bxh3+ Rxh3 26. Rxd8 b6 27. Rf1+ Ke5 28. c6 f5 29. Rg1 Bb7 30. c7 Rh7 31. Rxa8 Rxc7+ 32. Kd2 Bxa8 33. Nc1 Rd7+ 34. Kc2 Be4+ 35. Kb3 Kf4 36. a4 Bd5+ 37. Kb4 Ke3 38. Re1+ Kd2 39. Rf1 Rc7 40.
Nb3+ Bxb3 41. Kxb3 Re7 42. Kc4 Ke2 43. Rf4 Ke3 0-1

[Event "*** Titled Tuesday Blitz"]
[Site "Chess.com"]
[Date "2020.04.21"]
[Round "2"]
[White "Astaneh"]
[Black "ToivoK3"]
[Result "1/2-1/2"]
[WhiteElo "2608"]
[BlackElo "2894"]
[TimeControl "180+1"]
[EndTime "10:18:08 PDT"]
[Termination "Game drawn by repetition"]

1. e4 c5 2. Nf3 g6 3. Bc4 Bg7 4. O-O d6 5. Re1 Nf6 6. h3 O-O 7. d3 Nc6 8. a3 Rb8 9. Nc3 a6 10.
Bg5 b5 11. Ba2 Bb7 12. Qd2 Rc8 13. Bh6 Nd4 14. Nxd4 cxd4 15. Bxg7 Kxg7 16. Ne2 e5 17.
c3 dxc3 18. Nxc3 Qb6 19. Rad1 Rfd8 20. d4 Qc7 21. Qg5 h6 22. Qg3 Qe7 23. Kh2 Nh5 24.
Qf3 exd4 25. Nd5 Qe5+ 26. g3 Bxd5 27. Bxd5 Qf6 28. Qxf6+ Nxf6 29. Bb3 Nd7 30. Rxd4 Nc5 31. Ba2 Kf6 32. Kg2 Ke7 33. e5 d5 34. Rxd5 Nd3 35.
Rb1 Rxd5 36. Bxd5 Rc2 37. Rf1 Rxb2 38. Bb7 a5 39. Ba6 Nxe5 40. Re1 Kf6 41. Rd1 Nc4 42. Rd3 Kg7 43. a4 Ne5 44. Re3 Nc4 45. Rd3 Ne5 46. Rd5 Nc4 47. Rd3 1/2-1/2

[Event "*** Titled Tuesday Blitz"]
[Site "Chess.com"]
[Date "2020.04.21"]
[Round "2"]
[White "konradrutkowski"]
[Black "WPWPWP-2015"]
[Result "1-0"]
[WhiteElo "2181"]
[BlackElo "2410"]
[TimeControl "180+1"]
[EndTime "10:18:08 PDT"]
[Termination "konradrutkowski won by resignation"]

1. e4 e5 2. Nf3 Nc6 3. Bb5 Nf6 4.
d3 d6 5. O-O Be7 6. c3 O-O 7. Re1 Bg4 8. Nbd2 Bh5 9. Nf1 a6 10.
Ba4 b5 11. Bc2 Nb8 12. Ng3 Bg6 13. Nh4 Re8 14. Nhf5 Bf8 15. f4 Nbd7 16. fxe5 Nxe5 17. d4 Ned7 18. Bg5 Qc8 19. Qf3 c5 20. Rac1 Qb7 21. h4 cxd4 22. cxd4 h6 23. Bf4 Qb6 24. h5 Bh7 25. Bb3 Ne5 26. Bxe5 dxe5 27. Kh2 a5 28. a3 Rad8 29. d5 a4 30. Rc6 Qb7 31. Ba2 Qd7 32. Nxh6+ gxh6 33. Qxf6 Bg7 34. Qf3 Rf8 35.
Nf5 Bxf5 36. Qxf5 Qxf5 37. exf5 e4 38. f6 Bh8 39. Rxe4 Rfe8 40. Rg4+ Kf8 41. d6 Re2 42.
Rc7 Rxg2+ 43. Kxg2 Rd7 44. Rc8+ 1-0

[Event "*** Titled Tuesday Blitz"]
[Site "Chess.com"]
[Date "2020.04.21"]
[Round "2"]
[White "Crazy_girl99"]
[Black "Zmeeed63"]
[Result "1-0"]
[WhiteElo "2417"]
[BlackElo "2145"]
[TimeControl "180+1"]
[EndTime "10:18:08 PDT"]
[Termination "Crazy_girl99 won by resignation"]

1. e4 c5 2. Nf3 Nc6 3. Bb5 g6 4. O-O Bg7 5. c3 Nf6 6. Re1 O-O 7. h3 d6 8. d4 a6 9. Bxc6 bxc6 10. dxc5 d5 11. exd5 Nxd5 12. Nbd2 Rb8 13. Nc4 a5 14.
Nfe5 Qc7 15. Qa4 Rb5 16. Nd3 Ba6 17. Be3 Nxe3 18. Rxe3 Rd8 19. Rae1 Rd7 20. Nb6 Rxd3 21. Rxd3 Rxc5 22. Na8 Qc8 23. Rde3 Qxa8 24. Rxe7 Bf8 25.
Re8 Qb7 26. Qh4 Qd7 27. Qh6 Qd6 28. Qe3 Rd5 29. Qa7 Rd1 30. Qxa6 Rxe1+ 31. Rxe1 Qd2 32.
Qe2 Qd5 33. Rd1 Qxa2 34. Rd8 Qb1+ 35. Kh2 Qf5 36. g3 Kg7 37. f4 a4 38. Qe5+ Qxe5 39.
fxe5 a3 40. bxa3 Bxa3 41. Rc8 c5 42. Rc7 h6 43. e6 h5 44. Rxf7+ Kg8 45. Rf3 c4 46.
Rf4 Bd6 47. Rxc4 Kg7 48. h4 Kf6 49. Re4 Be7 50. Re2 Kf5 51. Kg2 Kg4 52. Re4+ Kf5 53. Kf3 Kf6 54. c4 Kf5 55. Re2 Kf6 1-0

[Event "*** Titled Tuesday Blitz"]
[Site "Chess.com"]
[Date "2020.04.21"]
[Round "2"]
[White "nocnypako"]
[Black "Jenia84"]
[Result "1-0"]
[WhiteElo "2589"]
[BlackElo "2289"]
[TimeControl "180+1"]
[EndTime "10:18:09 PDT"]
[Termination "nocnypako won by resignation"]

1. d4 Nf6 2. c4 e6 3. Nc3 Bb4 4. e3 O-O 5. Ne2 Re8 6. a3 Bf8 7. d5 exd5 8. cxd5 d6 9. Nf4 Bf5 10. Be2 Nbd7 11. O-O a5 12. f3 Nc5 13. e4 Bd7 14. Be3 b6 15. b4 Na6 16. Rb1 g6 17.
Qd2 Bg7 18. Rfc1 axb4 19. axb4 Qb8 20. Nb5 Rc8 21. Nd4 Ne8 22. Ra1 Qb7 23. Ra2 b5 24. Nc6 Kf8 25. Bd4 Nb8 26. Bxg7+ Nxg7 27. Rxa8 Qxa8 28.
Bxb5 Qb7 29. Ba4 Qa6 30. Nxb8 Qxa4 31. Nxd7+ Qxd7 32. Qc3 h6 33. Qc6 Qxc6 34. Rxc6 Ne8 35. Nd3 Rb8 36. Kf2 Ke7 37. Ke3 Kd7 38. f4 f5 39. e5 Rb5 40. Kd4 g5 41. g3 gxf4 42.
gxf4 Ke7 43. Kc4 Rb6 44. b5 Rxc6+ 45. bxc6 Ng7 46. Kd4 Nh5 47. Ke3 Kd8 48. Nb4 dxe5 49. fxe5 f4+ 50. Ke4 Ke7 51. Nd3 1-0

[Event "*** Titled Tuesday Blitz"]
[Site "Chess.com"]
[Date "2020.04.21"]
[Round "2"]
[White "Incognito_Knight"]
[Black "EddieMarsalla"]
[Result "1-0"]
[WhiteElo "2727"]
[BlackElo "2503"]
[TimeControl "180+1"]
[EndTime "10:18:10 PDT"]
[Termination "Incognito_Knight won on time"]

1. d4 d5 2. c4 Bf5 3. Nc3 e6 4. Nf3 c6 5. e3 Nf6 6. Be2 Nbd7 7. Nh4 Bg6 8. Nxg6 hxg6 9. h3 Bd6 10. Bd2 Qe7 11. Rc1 g5 12. a3 Ne4 13. Nxe4 dxe4 14.
b4 a6 15. Qc2 f5 16. Qb3 Nf6 17. g3 g4 18. h4 g5 19. d5 exd5 20. cxd5 Nxd5 21.
Bc4 Nf6 22. Ke2 gxh4 23. gxh4 Nd7 24. Be6 Rf8 25. h5 Ne5 26. h6 Nd3 27. Rcd1 Be5 28.
h7 g3 29. Bc3 Bh8 30. Bxh8 Rxh8 31. Qc3 Qf8 32. Bxf5 Nxf2 33. Bg6+ Qf7 34. Qe5+ Kf8 35. Qxh8+ Qg8 36. Qxg8+ 1-0

[Event "*** Titled Tuesday Blitz"]
[Site "Chess.com"]
[Date "2020.04.21"]
[Round "2"]
[White "Rainmond"]
[Black "cholzan"]
[Result "1-0"]
[WhiteElo "2720"]
[BlackElo "2501"]
[TimeControl "180+1"]
[EndTime "10:18:10 PDT"]
[Termination "Rainmond won by checkmate"]

1. e4 e6 2. d4 d5 3. Nc3 Bb4 4. exd5 exd5 5. Bd3 Nf6 6. Ne2 c5 7. a3 Bxc3+ 8. Nxc3 c4 9. Be2 O-O 10.
Bg5 h6 11. Bxf6 Qxf6 12. Nxd5 Qd6 13. Bxc4 Be6 14. Ne3 Bxc4 15. Nxc4 Re8+ 16. Ne3 Nc6 17. c3 f5 18. O-O f4 19. Nc4 Qg6 20. Qf3 Rf8 21.
Rfe1 Kh8 22. d5 Nd8 23. Ne5 Qf5 24. c4 Nf7 25. Nxf7+ Rxf7 26. Re4 Raf8 27. Rae1 b5 28. b3 bxc4 29. bxc4 Qd7 30. h3 Qd6 31. Re6 Qc5 32. Rc6 Qa5 33. Ree6 Rb7 34. Qe4 Qc3 35. Re8 Rf7 36.
Rcc8 Qf6 37. c5 f3 38. d6 fxg2 39. Rxf8+ Rxf8 40. Rxf8+ Qxf8 41. d7 Qf6 42. Qe8+ Kh7 43. d8=Q Qa1+ 44. Kxg2 Qb1 45. Qg8+ Kg6 46. Qd6+ Kh5 47.
Qf7+ Kg5 48. Qf3 Qf5 49. h4+ Kxh4 50. Qxf5 g5 51. Qh3# 1-0

[Event "*** Titled Tuesday Blitz"]
[Site "Chess.com"]
[Date "2020.04.21"]
[Round "2"]
[White "yamalchess"]
[Black "S2PAc"]
[Result "0-1"]
[WhiteElo "2541"]
[BlackElo "2785"]
[TimeControl "180+1"]
[EndTime "10:18:11 PDT"]
[Termination "S2PAc won on time"]

1. d4 Nf6 2. c4 e6 3. Nc3 c5 4. d5 exd5 5. cxd5 Bd6 6. e4 O-O 7. Nf3 Re8 8. Bd3 Bc7 9. O-O d6 10. Bg5 a6 11. a4 Nbd7 12. Re1 Rb8 13. h3 h6 14. Bh4 Nf8 15. Nd2 Bd7 16. Bg3 b5 17.
axb5 axb5 18. Rc1 Ng6 19. Bb1 c4 20. b4 Ra8 21. f4 Ra3 22. f5 Ne5 23. Bxe5 dxe5 24.
Nf3 Bd6 25. Na2 Qe7 26. Qd2 Rea8 27. Re2 R3a4 28. g4 Bxb4 29. Nxb4 Rxb4 30. g5 hxg5 31. Qxg5 Ra1 32. Rg2 Qf8 33. Qxf6 Rbxb1 34. Rxb1 Rxb1+ 35. Kh2 c3 36. Qh6 Rb2 37. Qg5 f6 38. Qc1 Qb4 39.
Nh4 Rxg2+ 40. Nxg2 Qb2 41. Qd1 c2 42. Qg1 c1=Q 43.
Qa7 Qf4+ 44. Kh1 Qbc1+ 0-1

[Event "*** Titled Tuesday Blitz"]
[Site "Chess.com"]
[Date "2020.04.21"]
[Round "2"]
[White "KazakhFighter04"]
[Black "Problematique_99"]
[Result "1/2-1/2"]
[WhiteElo "2699"]
[BlackElo "2499"]
[TimeControl "180+1"]
[EndTime "10:18:11 PDT"]
[Termination "Game drawn by agreement"]

1. d4 Nf6 2. c4 e6 3. Nf3 d5 4. Nc3 Be7 5. Bg5 O-O 6. e3 h6 7. Bxf6 Bxf6 8. Qc2 c5 9. dxc5 Nc6 10. cxd5 exd5 11. O-O-O Qa5 12. a3 Qxc5 13. Nxd5 Qxc2+ 14. Kxc2 Bd8 15. Kb1 Be6 16. Bc4 Rc8 17. Ba2 Bf5+ 18. Ka1 Be4 19. Nc3 Bxf3 20. gxf3 Ne5 21. Bd5 Ba5 22.
Ne4 Rc2 23. f4 Ng4 24. Rc1 Rxc1+ 25. Rxc1 Nxh2 26. Bxb7 Ng4 27. Bc8 f5 28. Nd6 Nxf2 29. Bxf5 Bd2 30. Be6+ Kh7 31. Rc7 Bxe3 32. Nf5 Bxf4 33.
Rxg7+ Kh8 34. Rxa7 Be5 35. Ne7 Rf6 36. Bf5 h5 37.
Bc2 Bd4 38. Ng6+ Rxg6 39. Bxg6 Bxa7 40. Bxh5 Nd3 41. Ka2 Nc5 42. b4 Nd3 43. Kb3 Nxb4 44. axb4 Kg7 45. b5 1/2-1/2

[Event "*** Titled Tuesday Blitz"]
[Site "Chess.com"]
[Date "2020.04.21"]
[Round "2"]
[White "Skatchkov_V"]
[Black "yavrukurt40"]
[Result "1-0"]
[WhiteElo "2561"]
[BlackElo "2779"]
[TimeControl "180+1"]
[EndTime "10:18:12 PDT"]
[Termination "Skatchkov_V won by checkmate"]

1. d4 g6 2. Nf3 Bg7 3. c4 d6 4. g3 Nd7 5. Bg2 e5 6. O-O exd4 7.
Nxd4 Ne7 8. Nc3 O-O 9. e4 Nc6 10. Nde2 Nde5 11. b3 f5 12. f4 Ng4 13. h3 Nf6 14. exf5 Bxf5 15. Bb2 Qe7 16. Qd2 Rae8 17. Rae1 Qf7 18. Nd5 Ne4 19. Qc1 Nc5 20. Bxg7 Qxg7 21.
Qd2 Nd3 22. Rd1 Nd4 23. Nxd4 Qxd4+ 24. Kh2 Qg7 25. g4 Nb2 26. Rc1 Be4 27. Bxe4 Rxe4 28.
Rc2 Rfe8 29. Rxb2 c6 30. Nc3 Re3 31. Nd1 R3e4 32. Nf2 Re3 33. Nd1 R3e4 34. Rf2 Re1 35. Qd3 Qf6 36. Rbe2 Qa1 37. Rxe8+ Rxe8 38. Re2 Rf8 39. Nf2 Rxf4 40. Qe3 Rf8 41. Nd3 Kh8 42.
Rf2 Kg8 43. Qe6+ Kg7 44. Qe7+ Kh6 45. Qxf8+ Kg5 46. Qf4+ Kh4 47. g5+ Kh5 48. Qg4# 1-0

[Event "*** Titled Tuesday Blitz"]
[Site "Chess.com"]
[Date "2020.04.21"]
[Round "2"]
[White "KhamzinOlzhas"]
[Black "Savagelittlemole"]
[Result "0-1"]
[WhiteElo "2356"]
[BlackElo "2679"]
[TimeControl "180+1"]
[EndTime "10:18:12 PDT"]
[Termination "Savagelittlemole won by resignation"]

1. e4 c5 2. Nc3 a6 3. g3 b5 4. Bg2 Bb7 5. Nge2 e6 6. O-O Nf6 7. d3 d6 8. h3 Nc6 9. Be3 Be7 10.
g4 h6 11. Qd2 b4 12. Nd1 O-O 13. f4 d5 14. e5 Nd7 15. d4 cxd4 16. Nxd4 Nxd4 17.
Bxd4 a5 18. Ne3 Ba6 19. Rf2 Rc8 20. f5 Bh4 21. Rf3 Nc5 22. f6 Ne4 23. Qd1 g6 24. a3 bxa3 25. Rxa3 Qc7 26. Bf1 Bxf1 27. Qxf1 Nd2 28.
Qe2 Nxf3+ 29. Qxf3 Bg5 30. c3 Qb7 31. Nd1 Qb5 32. Kg2 Rb8 33. Kg3 Rfc8 34. h4 Bc1 35. Ra1 Bd2 36. h5 g5 37. Kg2 a4 38. Kf2 Bf4 39. Qe2 Qb3 40. Ra3 Qc4 41. Qxc4 Rxc4 42.
Ke2 Rb3 43. Ra2 a3 44. Rxa3 Rxa3 45. bxa3 Ra4 46. Nb2 Rxa3 47. Nd3 Ra2+ 48. Kf1 Bd2 49. Ke2 Bxc3+ 0-1

[Event "*** Titled Tuesday Blitz"]
[Site "Chess.com"]
[Date "2020.04.21"]
[Round "2"]
[White "archess2"]
[Black "asms9699"]
[Result "1/2-1/2"]
[WhiteElo "2224"]
[BlackElo "2621"]
[TimeControl "180+1"]
[EndTime "10:18:12 PDT"]
[Termination "Game drawn by stalemate"]

1. d4 d5 2. c4 c6 3. cxd5 cxd5 4. Nc3 Nf6 5. Nf3 Nc6 6. Bf4 a6 7. Rc1 Ne4 8. Ne5 Nxc3 9. Rxc3 Nxe5 10. Bxe5 e6 11.
a3 Bd7 12. e3 Bc6 13. Bd3 Rc8 14. O-O Qd7 15. Qc2 f6 16. Bg3 f5 17. Rc1 Bd6 18. Bxa6 O-O 19. Bb5 f4 20. Bxc6 bxc6 21. Bxf4 Bxf4 22.
exf4 Rxf4 23. Rxc6 Rcf8 24. Rc8 Rxf2 25. Qxf2 Rxc8 26.
Rf1 h6 27. h4 Qa4 28. h5 Kh8 29. Qe3 Qe8 30. Re1 Qxh5 31. Qxe6 Rf8 32. Qe7 Rb8 33. Qe5 Qxe5 34. Rxe5 Rxb2 35. Rxd5 Ra2 36. Ra5 Kh7 37. Ra6 Kg8 38. Ra7 Kf8 39. a4 g5 40. a5 Rd2 41. Rd7 Ra2 42. Rd5 Ke7 43. Kh2 Ke6 44. Rb5 Ra4 45. d5+ Ke5 46. Kg3 h5 47.
d6+ Kxd6 48. Rxg5 h4+ 49. Kh3 Ke6 50. a6 Kf6 51. Rh5 Kg6 52. Rxh4 Rxa6 53. Rg4+ Kh6 54.
Kh4 Kh7 55. Rd4 Rb6 56. g4 Ra6 57. Kh5 Rb6 58. Rd7+ Kg8 59. g5 Ra6 60. Rd8+ Kg7 61. Rd7+ Kg8 62. Re7 Rb6 63. g6 Rb1 64. Re4 Rh1+ 65.
Kg5 Rg1+ 66. Rg4 Rxg4+ 67. Kxg4 Kg7 68. Kf5 Kg8 69. Kf6 Kf8 70. g7+ Kg8 71. Kg6 1/2-1/2

[Event "*** Titled Tuesday Blitz"]
[Site "Chess.com"]
[Date "2020.04.21"]
[Round "2"]
[White "Mischuk_D"]
[Black "Berant"]
[Result "1-0"]
[WhiteElo "2673"]
[BlackElo "2372"]
[TimeControl "180+1"]
[EndTime "10:18:12 PDT"]
[Termination "Mischuk_D won by resignation"]

1. e4 c5 2. Nf3 Nc6 3. Bb5 g6 4. Bxc6 dxc6 5. d3 Bg7 6. O-O Nf6 7. a4 a5 8. Nbd2 Nd7 9. Nc4 O-O 10. h3 b5 11. Ncd2 Qc7 12. Re1 Ne5 13. Nxe5 Bxe5 14. Nf3 Bg7 15. Ra2 Be6 16. b3 c4 17. bxc4 bxc4 18.
d4 Rfd8 19. c3 c5 20. d5 Bxc3 21. Bd2 Bxd2 22. Qxd2 Bd7 23. Rd1 Rab8 24. Qc3 Qb6 25. Qxc4 Qb4 26. Rc1 Rdc8 27. Ne5 Be8 28. Nd3 Qxc4 29.
Rxc4 Rb3 30. Rxc5 Rxc5 31. Nxc5 Rb4 32. f3 Rc4 33. Nb3 Bxa4 34. Nxa5 Rb4 35. Kf2 Bd7 36.
Rc2 Rb5 37. Nc6 e6 38. Nd4 Rb4 39. dxe6 Rxd4 40. exd7 Rxd7 41. Ke3 Kg7 42. g4 h5 43.
gxh5 gxh5 44. Kf4 Rd1 45. Rg2+ Kf6 46. Rg5 h4 47. Rh5 Rg1 48. Rxh4 Rh1 49. Kg3 Rg1+ 50. Kf2 Rh1 51. Kg2 Rb1 52. Rg4 Ke5 53. h4 Rb8 54.
Rg5+ Ke6 55. Kg3 f6 56. Ra5 Rg8+ 57. Kf4 Rh8 58. h5 Rg8 59. h6 Rh8 60. Rh5 Kf7 61.
Kf5 Rh7 62. f4 Rh8 63. h7 Kg7 64. Rh1 Kf7 65. Ra1 Kg7 66. Ra7+ Kh6 67. Kxf6 Rf8+ 68. Rf7 Rb8 69. e5 Rc8 70. e6 Rb8 71. f5 Rh8 72.
e7 Ra8 73. h8=Q+ Rxh8 74. Rf8 Rh7 75. e8=Q Rf7+ 76. Rxf7 1-0

[Event "*** Titled Tuesday Blitz"]
[Site "Chess.com"]
[Date "2020.04.21"]
[Round "2"]
[White "pedroholly22"]
[Black "DenishevM"]
[Result "0-1"]
[WhiteElo "2320"]
[BlackElo "2641"]
[TimeControl "180+1"]
[EndTime "10:18:13 PDT"]
[Termination "DenishevM won on time"]

1. e4 c5 2. Nf3 d6 3. d4 cxd4 4.
Nxd4 Nf6 5. Nc3 a6 6. Rg1 g6 7. g4 Bg7 8. h4 h6 9. Be3 Nc6 10.
Nb3 h5 11. gxh5 Nxh5 12. Qd2 Be6 13. O-O-O Rc8 14. f4 Nb4 15. Bd4 Nxa2+ 16. Nxa2 Bxb3 17. Nc3 Bc4 18. Bxg7 Nxg7 19. Qd4 e5 20. fxe5 Ne6 21.
Qxd6 Bxf1 22. Rgxf1 Rxh4 23. Nd5 Qxd6 24. exd6 Rd8 25. e5 Kf8 26. b3 Re4 27. Nc7 Rxe5 28. Rd2 Kg7 29. Rdf2 f5 30. Rd2 Nxc7 31. dxc7 Rc8 32.
Rd7+ Kf6 33. Rfd1 Rc5 34. R1d6+ Kg5 35. Rg7 R8xc7 36. Rgxg6+ Kf4 37. c4 b5 38. Rxa6 bxc4 39. bxc4 Rxc4+ 40. Kd2 Rd4+ 41. Ke1 Rc1+ 42. Kf2 Rc2+ 43.
Ke1 Ke3 44. Ra3+ Kf4 0-1

[Event "*** Titled Tuesday Blitz"]
[Site "Chess.com"]
[Date "2020.04.21"]
[Round "2"]
[White "Azatnew"]
[Black "bilelou"]
[Result "0-1"]
[WhiteElo "2776"]
[BlackElo "2572"]
[TimeControl "180+1"]
[EndTime "10:18:14 PDT"]
[Termination "bilelou won by resignation"]

1. Nf3 Nf6 2. g3 c5 3. Bg2 Nc6 4. O-O e5 5. c4 d5 6. cxd5 Nxd5 7.
Nc3 Nc7 8. d3 Be7 9. Ne1 Bd7 10.
Nc2 O-O 11. a3 Rb8 12. Rb1 Nd4 13. b4 cxb4 14. axb4 Bc6 15. Nxd4 exd4 16. Ne4 Nb5 17. Bf4 Rc8 18. Qb3 Bxe4 19. dxe4 Nc3 20. Rb2 Qb6 21. Ra1 a6 22. Bf3 Nb5 23. e5 Rfd8 24. Qd3 Rc3 25.
Qe4 Rc7 26. Rd1 Nc3 27. Qd3 Nxd1 28. Qxd1 Bxb4 29. e6 Re7 30. exf7+ Rxf7 31. Qb3 a5 32. Bd5 Rxd5 33. Qxd5 Qc6 34. Qe5 h6 35. Rb1 Bc3 36. Qb8+ Kh7 37. Qa8 Qe4 38. Rf1 g5 39. Bd6 Qxe2 40.
Qc8 Qf3 41. Qc4 Qf5 42. f4 b5 43. Qa2 b4 44. Be5 d3 45. Qd5 Bxe5 46. Qxa5 Bd4+ 0-1